 Dungeon Sprint DCSS version 0.23.2-1-ga50397a (webtiles) character file.

Game seed: 8599995273480093543

268270 wilfster70 the Conqueror (level 20, -9/216 HPs)
             Began as a Minotaur Monk on May 30, 2019.
             Was the Champion of Cheibriados.
             Mangled by Ygruofoovy the pandemonium lord (25 damage)
             ... in the Dungeon (Sprint V: "Ziggurat Sprint").
             The game lasted 00:30:25 (3509 turns).

wilfster70 the Conqueror (Minotaur Monk)            Turns: 3509, Time: 00:30:26

Health: -9/216     AC: 48    Str: 39    XL:     20   Next: 7%
Magic:  27/59      EV: 27    Int: 31    God:    Cheibriados [******]
Gold:   0          SH: 35    Dex: 27    Spells: 65/73 levels left

rFire    + + .     SeeInvis .   a - +18 lance "Wyrmbane" {slay drac, rPois rF+ rC+ AC+3}
rCold    + + .     Gourm    .   z - +18 shield of the Gong {rElec rN+ MR+ EV-5}
rNeg     + . .     Faith    .   j - +12 gold dragon scales
rPois    +         Spirit   .   G - +2 hat
rElec    +         Reflect  .   M - +0 cloak
rCorr    +         Harm     .   E - +0 pair of fencer's gloves {Riposte Dex+3}
MR       +++..     NoTele   +   (no boots)
Stlth    ..........             Q - amulet "Omirran" {+Blink MR+ Regen+ Str+3 Dex-5}
HPRegen  0.86/turn              P - ring of the Ancient Cities {+Inv rElec Str+3 Int+3}
MPRegen  0.36/turn              y - ring of the Modern Beds {rCorr MP+9}

@: very slow
A: retaliatory headbutt, horns 2
a: Bend Time, Temporal Distortion, Slouch, Step From Time, Renounce Religion,
Evoke Blink, Evoke Invisibility


You were in the Dungeon.
You worshipped Cheibriados.
Cheibriados was exalted by your worship.
You were not hungry.

You visited 1 branch

Inventory:

Hand Weapons
 a - the +18 lance "Wyrmbane" (weapon) {slay drac, rPois rF+ rC+ AC+3}
   (You found it in the Dungeon)

   It affects your AC (+3).
   It protects you from fire.
   It protects you from cold.
   It protects you from poison.
 b - the +3 morningstar of the Ageless Shrikes {flame, rElec Str+6}
   (You found it in the Dungeon)

   It has been specially enchanted to burn those struck by it, causing extra
   injury to most foes and up to half again as much damage against particularly
   susceptible opponents.
   It affects your strength (+6).
   It insulates you from electricity.
Armour
 j - +12 gold dragon scales (worn)
 z - the +18 shield of the Gong (worn) {rElec rN+ MR+ EV-5}
   (You found it in the Dungeon)

   It affects your evasion (-5).
   It insulates you from electricity.
   It protects you from negative energy.
   It affects your resistance to hostile enchantments.
 E - the +0 pair of fencer's gloves (worn) {Riposte Dex+3}
   (You found it in the Dungeon)

   It affects your dexterity (+3).
 G - a +2 hat (worn)
 M - a +0 cloak (worn)
Jewellery
 y - the ring of the Modern Beds (right hand) {rCorr MP+9}
   (You found it in the Dungeon)

   [ring of resist corrosion]

   It affects your magic capacity (+9).
 B - the ring of Arorok {rPois rC+ Dex+5}
   (You took it off a red draconian in the Dungeon)

   [ring of protection from cold]

   It affects your dexterity (+5).
   It protects you from cold.
   It protects you from poison.
 J - the ring "Cieril" {Ice rElec Str-5 Dex+2 Slay+5}
   (You found it in the Dungeon)

   [ring of ice]

   It enhances your ice magic.
   It affects your strength (-5).
   It affects your dexterity (+2).
   It affects your accuracy and damage with ranged weapons and melee attacks
   (+5).
   It makes you vulnerable to fire.
   It protects you from cold.
   It insulates you from electricity.
 K - the amulet "Fueplos" {Gourm rF++ Dex-5 Slay+5 SInv}
   (You found it in the Dungeon)

   [amulet of the gourmand]

   It allows you to eat raw meat even when not hungry.
   It affects your dexterity (-5).
   It affects your accuracy and damage with ranged weapons and melee attacks
   (+5).
   It greatly protects you from fire.
   It lets you see invisible.
 P - the ring of the Ancient Cities (left hand) {+Inv rElec Str+3 Int+3}
   (You found it in the Dungeon)

   [ring of strength]

   It affects your strength (+3).
   It affects your intelligence (+3).
   It insulates you from electricity.
   It lets you turn invisible.
 Q - the amulet "Omirran" (around neck) {+Blink MR+ Regen+ Str+3 Dex-5}
   (You found it in the Dungeon)

   [amulet of regeneration]

   It affects your strength (+3).
   It affects your dexterity (-5).
   It affects your resistance to hostile enchantments.
   It lets you blink.
   It increases your rate of regeneration.
Wands
 f - a wand of disintegration (7)
 h - a wand of iceblast (7)
 w - a wand of acid (7)
Scrolls
 i - 4 scrolls of blinking
 k - 4 scrolls of amnesia
 l - 7 scrolls of fog
 m - 2 scrolls of holy word
 n - 5 scrolls of identify
 o - 5 scrolls of remove curse
 p - 2 scrolls of fear
 C - 9 scrolls of brand weapon
Potions
 d - 7 potions of curing
 e - 12 potions of heal wounds
 g - 5 potions of magic
 q - 2 potions of brilliance
 r - 2 potions of invisibility
 s - 4 potions of resistance
 u - 9 potions of agility
 v - 5 potions of might
Miscellaneous
 x - 11 boxes of beasts
 I - 2 sacks of spiders
 L - 3 phantom mirrors
Comestibles
 c - 7 rations


   Skills:
 O Level 27 Fighting
   Level 3.6(8.7) Axes
 - Level 12.0(12.2) Polearms
 O Level 27 Armour
 O Level 27 Dodging
 - Level 1.5 Stealth
 - Level 15.0 Shields
 O Level 27 Spellcasting
 + Level 11.3 Charms
 - Level 8.2 Summonings
 + Level 11.5 Necromancy
 - Level 8.0 Air Magic
 - Level 9.1 Invocations
 O Level 27 Evocations


You had 65 spell levels left.
You knew the following spells:

 Your Spells              Type           Power        Failure   Level  Hunger
a - Summon Small Mammal   Summ           ####         1%          1    None
b - Summon Lightning Spi  Summ/Air       #######.     1%          4    None
g - Regeneration          Chrm/Necr      #######...   1%          3    None

Your spell library contained the following spells:

 Spells                   Type           Power        Failure   Level  Hunger
 Animate Skeleton         Necr           N/A          1%          1    None
 Apportation              Tloc           #####.       1%          1    None
 Beastly Appendage        Tmut           #####.       1%          1    None
 Confusing Touch          Hex            #####.       1%          1    None
 Corona                   Hex            #####..      1%          1    None
 Flame Tongue             Conj/Fire      #####        1%          1    None
 Freeze                   Ice            ####         1%          1    None
 Infusion                 Chrm           ####         1%          1    None
 Magic Dart               Conj           ####         1%          1    None
 Pain                     Necr           ####         1%          1    None
 Sandblast                Erth           #####.       1%          1    None
 Shock                    Conj/Air       ####         1%          1    None
 Summon Butterflies       Summ           #######.     1%          1    None
 Shroud of Golubria       Chrm/Tloc      ######....   1%          2    None
 Song of Slaying          Chrm           #######.     1%          2    None
 Swiftness                Chrm/Air       #######.     1%          2    None
 Ozocubu's Armour         Chrm/Ice       ######..     1%          3    None
 Recall                   Summ/Tloc      N/A          1%          3    None
 Spectral Weapon          Hex/Chrm       ######..     1%          3    None
 Static Discharge         Conj/Air       ######..     1%          3    None
 Vampiric Draining        Necr           #######...   1%          3    None
 Airstrike                Air            #######...   1%          4    None
 Animate Dead             Necr           N/A          1%          4    None
 Agony                    Necr           #######.     1%          5    None
 Mephitic Cloud           Conj/Pois/Air  ######..     2%          3    None
 Death Channel            Necr           #######...   2%          6    None
 Blink                    Tloc           N/A          3%          2    None
 Ensorcelled Hibernation  Hex/Ice        #####.       3%          2    None
 Passwall                 Tmut/Erth      #####...     3%          2    None
 Slow                     Hex            #####...     3%          2    None
 Sticks to Snakes         Tmut           #####...     3%          2    None
 Throw Flame              Conj/Fire      #####.       3%          2    None
 Summon Ice Beast         Ice/Summ       ######..     3%          4    None
 Borgnjor's Vile Clutch   Necr/Erth      ######....   5%          5    None
 Confuse                  Hex            #####...     6%          3    None
 Dazzling Spray           Conj/Hex       #####.       6%          3    None
 Gell's Gravitas          Tloc           #####.....   6%          3    None
 Ignite Poison            Fire/Tmut/Pois #####...     6%          3    None
 Inner Flame              Hex/Fire       #####...     6%          3    None
 Lesser Beckoning         Tloc           #####.....   6%          3    None
 Portal Projectile        Hex/Tloc       #####.       6%          3    None
 Spider Form              Tmut/Pois      #####.....   6%          3    None
 Stone Arrow              Conj/Erth      #####.       6%          3    None
 Teleport Other           Tloc           #####...     6%          3    None
 Tukima's Dance           Hex            #####...     6%          3    None
 Deflect Missiles         Chrm/Air       #######...   6%          6    None
 Lightning Bolt           Conj/Air       ######....   11%         5    None
 Silence                  Hex/Air        ######....   11%         5    None
 Summon Mana Viper        Hex/Summ       ######..     11%         5    None
 Shadow Creatures         Summ           N/A          11%         6    None
 Cause Fear               Hex            #####.....   21%         4    None
 Force Lance              Conj/Tloc      #####...     21%         4    None
 Fulminant Prism          Conj/Hex       #####.....   21%         4    None
 Ice Form                 Ice/Tmut       #####...     21%         4    None
 Leda's Liquefaction      Hex/Erth       #####.....   21%         4    None
 Passage of Golubria      Tloc           N/A          21%         4    None
 Petrify                  Tmut/Erth      #####...     21%         4    None
 Sticky Flame             Conj/Fire      #####...     21%         4    None
 Throw Icicle             Conj/Ice       #####...     21%         4    None
 Simulacrum               Ice/Necr       ######....   30%         6    None
 Haunt                    Necr/Summ      #######...   30%         7    None
 Alistair's Intoxication  Tmut/Pois      #####...     50%         5    None
 Blade Hands              Tmut           #####.....   50%         5    None
 Bolt of Magma            Conj/Fire/Erth #####.....   50%         5    None
 Irradiate                Conj/Tmut      #####.....   50%         5    None
 Lee's Rapid Deconstruct  Erth           #####.....   50%         5    None
 Metabolic Englaciation   Hex/Ice        #####.....   50%         5    None
 Yara's Violent Unravell  Hex/Tmut       #####.....   50%         5    None
 Conjure Ball Lightning   Conj/Air       ######....   52%         6    None
 Freezing Cloud           Conj/Ice/Air   ######....   73%         6    None
 Borgnjor's Revivificati  Necr           #######...   75%         8    #......
 Infestation              Necr           #######...   75%         8    #......
 Death's Door             Chrm/Necr      #######...   77%         8    #......
 Ring of Flames           Chrm/Fire      ######....   87%         7    None
 Bolt of Cold             Conj/Ice       #####.....   97%         6    None
 Bolt of Fire             Conj/Fire      #####.....   97%         6    None
 Darkness                 Hex            #####.....   97%         6    None
 Dispersal                Tloc           #####.....   97%         6    None
 Invisibility             Hex            #####...     97%         6    None
 Iron Shot                Conj/Erth      #####.....   97%         6    None
 Ozocubu's Refrigeration  Ice            #####.....   97%         6    None
 Poison Arrow             Conj/Pois      #####.....   97%         6    None
 Statue Form              Tmut/Erth      #####....    97%         6    None
 Spellforged Servitor     Conj/Summ      ######....   97%         7    None
 Dragon Form              Tmut           #####.....   100%        7    None
 Chain Lightning          Conj/Air       ######....   100%        8    #......
 Discord                  Hex            #####.....   100%        8    #......
 Ignition                 Fire           #####.....   100%        8    #......
 Lehudib's Crystal Spear  Conj/Erth      #####.....   100%        8    #......
 Necromutation            Tmut/Necr      ######....   100%        8    #......
 Dragon's Call            Summ           #######...   100%        9    ####...
 Fire Storm               Conj/Fire      #####.....   100%        9    ####...
 Glaciate                 Conj/Ice       #####.....   100%        9    ####...
 Shatter                  Erth           #####.....   100%        9    ####...
 Tornado                  Air            #######...   100%        9    ####...


Dungeon Overview and Level Annotations

Branches:
Dungeon (1/1)

Altars:
Ashenzari
Cheibriados
Dithmenos
Elyvilon
Fedhas
Gozag
Hepliaklqana
Kikubaaqudgha
Makhleb
Nemelex Xobeh
Okawaru
Qazlal
Ru
Sif Muna
Trog
Uskayaw
Vehumet
Wu Jian
Xom
Yredelemnul
Zin
The Shining One
Beogh
Jiyva
Lugonu


Innate Abilities, Weirdness & Mutations

You reflexively headbutt those who attack you in melee.
You have a pair of horns on your head.


Message History

The soul eater disappears in a puff of smoke!
The hellwing disappears in a puff of smoke!
The ice devil disappears in a puff of smoke!
You have mastered Dodging!
You need to enable at least one skill for training.
You have reached level 20!
You feel stronger.
You kill the golden dragon!
The golden dragon's corpse disappears in a puff of smoke!
You destroy the wraith! x2; You destroy the large abomination!
You kill Duetoat!
Cheibriados appreciates the change of pace.
Your Charms skill increases to level 11!
Your Necromancy skill increases to level 11!
You kill the hellwing!
Cheibriados thoroughly appreciates the change of pace.
You kill the red devil!
Cheibriados thoroughly appreciates the change of pace.
You kill the butterfly!
You kill the hellwing!
You kill the butterfly! x3
You feel somewhat more hungry. Ygruofoovy hits you!!
You die...

.[|=)"|.▓ ..........).....
)}.))"..▓.......X...).....
.÷[...=.▓....X4&.§....D...
.....÷..▓...w*§&.1X)......
........▓.....W.&&1.3&....
[.......▓....&X.2{&&......
÷.......▓....X.W§1.&44....
÷[......▓.......&§&&......
[.......▓......X@&1W......
........▓......W4W........
........▓....▓..W......▓..
...▓....▓... ▓▓.......▓▓ .
........▓....▓.........▓..
........▓ ...............
........ ...............
....... .......©.......
▓▓▓▓▓▓▓ ▓▓▓▓▓▓▓▓▓▓▓▓▓▓▓


You could see Etuec, Fismoi, Fumuhar, Fynn, Ipengocu, Miduepn, Mymurghul,
Niejuv, Pigiarroo, Soevosh, Waabb, Ygruofoovy, Ziogh, a Hell Sentinel, a
tentacled monstrosity, an eldritch tentacle, a Tzitzimitl, a Brimstone Fiend, an
Ice Fiend, a cacodemon, a quicksilver dragon, 2 orange demons, 5 large
abominations, 2 phantasmal warriors, a hellwing, 2 freezing wraiths, a smoke
demon, a phantom, a chaos spawn and a wraith.

Vanquished Creatures
  An orb of fire (D)
  An ancient lich (D)
  26 pandemonium lords (D)
  4 golden dragons (D)
  8 Orb Guardians (D)
  3 tentacled monstrosities (D)
  3 death cobs (D)
  3 Executioners (D)
  2 quicksilver dragons (D)
  An acid blob (D)
  8 shadow dragons (D)
  An azure jelly (D)
  A storm dragon (D)
  A fire giant (D)
  A draconian scorcher (D)
  An emperor scorpion (D)
  A ghost moth (D)
  8 iron dragons (D)
  A cacodemon (D)
  A ghoul (D)
  2 reapers (D)
  2 vampire knights (D)
  3 green draconians (D)
  5 black draconians (D)
  3 red draconians (D)
  2 dire elephants (D)
  A spark wasp (D)
  4 yellow draconians (D)
  6 purple draconians (D)
  6 white draconians (D)
  3 death oozes (D)
  A green death (D)
  4 fire dragons (D)
  2 ice dragons (D)
  2 great orbs of eyes (D)
  6 catoblepae (D)
  9 hydras (D)
  A dancing weapon (D)
  A hell hog (D)
  2 vampire magi (D)
  A soul eater (D)
  4 skeletal warriors (D)
  A sixfirhy (D)
  A sun demon (D)
  A cherub (D)
  A large abomination (D)
  2 death drakes (D)
  A deep elf archer (D)
  A lindwurm (D)
  4 necromancers (D)
  3 orb spiders (D)
  5 wolf spiders (D)
  An oklob plant (D)
  A deep elf mage (D)
  3 shining eyes (D)
  A salamander (shapeshifter) (D)
  A worldbinder (D)
  A guardian serpent (shapeshifter) (D)
  3 draconians (D)
  7 moths of wrath (D)
  3 elephants (D)
  3 rust devils (D)
  11 spiny frogs (D)
  4 black mambas (D)
  An orange demon (D)
  2 hellions (D)
  5 rime drakes (D)
  3 komodo dragons (D)
  An efreet (D)
  2 tormentors (D)
  3 hellwings (D)
  4 red devils (D)
  3 demonic crawlers (D)
  10 jumping spiders (D)
  6 hornets (D)
  2 merfolk (D)
  A polar bear (D)
  A blink frog (D)
  7 slime creatures (D)
  3 dream sheep (D)
  9 hippogriffs (D)
  9 redbacks (D)
  2 wraiths (D)
  4 shadows (D)
  A tarantella (D)
  3 basilisks (D)
  8 fire elementals (D)
  2 neqoxecs (D)
  3 wyverns (D)
  A golden eye (D)
  A chaos spawn (D)
  5 steam dragons (D)
  2 yaks (D)
  A soldier ant (shapeshifter) (D)
  2 acid dragons (D)
  7 water moccasins (D)
  6 hell hounds (D)
  A floating eye (D)
  An ice beast (D)
  An eye of draining (D)
  3 swamp drakes (D)
  2 necrophages (D)
  2 wolves (D)
  A centaur (D)
  A crocodile (shapeshifter) (D)
  11 crocodiles (D)
  A bullfrog (D)
  4 scorpions (D)
  5 wights (D)
  A crimson imp (D)
  A jelly (D)
  A quasit (D)
  2 iron imps (D)
  2 orc priests (D)
  2 orc wizards (D)
  A shadow imp (D)
  A white imp (D)
  3 ufetubi (D)
  An ooze (D)
  A spectral adder (D)
  5 adder zombies (D)
  4 adder skeletons (D)
  2 bat skeletons (D)
  A bat zombie (D)
  A giant cockroach zombie (D)
  A leopard gecko skeleton (D)
  2 quokka skeletons (D)
  A quokka zombie (D)
  3 spectral ball pythons (D)
  A spectral leopard gecko (D)
  2 fire vortices (D)
397 creatures vanquished.

Vanquished Creatures (others)
  A black mamba (D)
1 creature vanquished.

Grand Total: 398 creatures vanquished

Notes
Turn   | Place    | Note
-------+----------+-------------------------------------------
     0 | D        | Found the +6 Majin-Bo {vamp, Archmagi MP+6 Int+6}
     0 | D        | Found the +7 great mace "Firestarter" {inner flame, rF++}
     0 | D        | wilfster70 the Minotaur Monk began the quest for the Orb.
     0 | D        | Reached XP level 1. HP: 19/19 MP: 0/0
     2 | D        | Found a blossoming altar of Fedhas.
    16 | D        | Found a viscous altar of Jiyva.
    16 | D        | Found a hazy altar of Hepliaklqana.
    16 | D        | Found a transporter.
    16 | D        | Found an opulent altar of Gozag.
    16 | D        | Found an ancient bone altar of Kikubaaqudgha.
    16 | D        | Found a corrupted altar of Lugonu.
    19 | D        | Found a burning altar of Makhleb.
    20 | D        | Found an iron altar of Okawaru.
    20 | D        | Found a stormy altar of Qazlal.
    20 | D        | Found a sparkling altar of Nemelex Xobeh.
    20 | D        | Found a sacrificial altar of Ru.
    20 | D        | Found a deep blue altar of Sif Muna.
    24 | D        | Found the +9 heavy crossbow "Sniper" {velocity, Acc+∞ SInv}
    24 | D        | Found the +10 dark maul {crush}
    24 | D        | Found the +15 Maxwell's patent armour {-Cast -Tele rElec
                  | MR+ rCorr}
    24 | D        | Found the +18 shield of the Gong {rElec rN+ MR+ EV-5}
    24 | D        | Found the cursed +14 obsidian axe {chop, +Fly SInv *Curse}
    25 | D        | Found the +6 shillelagh "Devastator" {shatter}
    25 | D        | Found the +11 plutonium sword {*Contam Stlth-}
    25 | D        | Found the +8 lance "Wyrmbane" {slay drac, rPois rF+ rC+
                  | AC+3}
    25 | D        | Found the +9 sword of Zonguldrok {reap}
    25 | D        | Found the cursed +13 scythe of Curses {drain, *Curse}
    25 | D        | Found the +0 sword of Power
    25 | D        | Found the +7 mace of Variability {chain chaos}
    25 | D        | Found the +7 Singing Sword {slice, sonic wave}
    25 | D        | Found the +7 longbow "Piercer" {penet, EV-2}
    28 | D        | Found a bloodstained altar of Trog.
    69 | D        | Became a worshipper of Cheibriados the Contemplative
    69 | D        | Reached * piety under Cheibriados
    69 | D        | Reached ** piety under Cheibriados
   103 | D        | Reached XP level 2. HP: 28/28 MP: 0/2
   130 | D        | Entered arena 2.
   130 | D        | Noticed a polar bear
   130 | D        | Noticed an ice beast
   130 | D        | Found a transporter.
   135 | D        | Killed a polar bear
   135 | D        | Reached skill level 5 in Dodging
   135 | D        | Reached XP level 3. HP: 22/37 MP: 2/5
   135 | D        | Reached XP level 4. HP: 26/44 MP: 2/6
   135 | D        | Reached XP level 5. HP: 30/50 MP: 2/7
   141 | D        | Killed an ice beast
   141 | D        | Reached skill level 5 in Armour
   141 | D        | Reached skill level 5 in Shields
   141 | D        | Reached XP level 6. HP: 35/58 MP: 2/8
   145 | D        | Got the Volume of Torrid Hexes
   259 | D        | Entered arena 3.
   259 | D        | Noticed a fire elemental
   259 | D        | Noticed a hell hound
   259 | D        | Noticed a fire elemental
   259 | D        | Found a transporter.
   264 | D        | Killed a hell hound
   264 | D        | Reached *** piety under Cheibriados
   273 | D        | Killed a fire elemental
   273 | D        | Reached skill level 5 in Invocations
   273 | D        | Reached XP level 7. HP: 63/66 MP: 9/9
   276 | D        | Killed a fire elemental
   276 | D        | Reached **** piety under Cheibriados
   276 | D        | Reached skill level 5 in Evocations
   293 | D        | Entered arena 4.
   293 | D        | Found a transporter.
   294 | D        | Found the +8 autumn katana {slice, Clar}
   295 | D        | Reached skill level 10 in Polearms
   299 | D        | Reached ***** piety under Cheibriados
   315 | D        | Entered arena 5.
   315 | D        | Noticed a fire elemental
   315 | D        | Noticed a deep elf mage
   315 | D        | Noticed a deep elf archer
   315 | D        | Noticed a +2 scimitar of freezing
   315 | D        | Found a transporter.
   317 | D        | Killed a +2 scimitar of freezing
   317 | D        | Reached XP level 8. HP: 77/77 MP: 10/12
   320 | D        | Killed a deep elf mage
   326 | D        | Killed a deep elf archer
   326 | D        | Reached XP level 9. HP: 56/85 MP: 5/13
   337 | D        | Got the ring of the Modern Beds {rCorr MP+9}
   437 | D        | Entered arena 6.
   437 | D        | Noticed a death cob
   437 | D        | Noticed a draconian
   437 | D        | Noticed a draconian
   437 | D        | Noticed a draconian
   437 | D        | Noticed a purple draconian
   437 | D        | Found a transporter.
   439 | D        | Killed a death cob
   439 | D        | Reached skill level 10 in Armour
   439 | D        | Reached skill level 10 in Dodging
   439 | D        | Reached skill level 10 in Shields
   439 | D        | Reached XP level 10. HP: 95/95 MP: 8/15
   443 | D        | Killed a purple draconian
   446 | D        | Killed a draconian
   448 | D        | Killed a draconian
   451 | D        | Killed a draconian
   451 | D        | Reached ****** piety under Cheibriados
   525 | D        | Entered arena 7.
   525 | D        | Noticed a worldbinder
   525 | D        | Noticed a large abomination
   527 | D        | Killed a worldbinder
   528 | D        | Found a transporter.
   530 | D        | Killed a large abomination
   587 | D        | Entered arena 8.
   587 | D        | Noticed a guardian serpent
   587 | D        | Noticed a salamander
   588 | D        | Found the +0 pair of fencer's gloves {Riposte Dex+3}
   588 | D        | Found a transporter.
   590 | D        | Killed a guardian serpent
   590 | D        | Reached XP level 11. HP: 105/105 MP: 11/17
   619 | D        | Got the +3 morningstar of the Ageless Shrikes {flame, rElec
                  | Str+6}
   711 | D        | Entered arena 9.
   712 | D        | Found a transporter.
   714 | D        | Reached skill level 10 in Evocations
   745 | D        | Got the Compendium of the Rocks and Feathers
   761 | D        | Entered arena 10.
   761 | D        | Noticed a wolf spider
   763 | D        | Killed a wolf spider
   764 | D        | Found a transporter.
   788 | D        | Entered arena 11.
   788 | D        | Noticed an Executioner
   789 | D        | Killed an Executioner
   791 | D        | Found a transporter.
   791 | D        | Reached skill level 15 in Armour
   816 | D        | Got Sif Muna's Incunabulum of Poisonous Orientation
   927 | D        | Entered arena 12.
   927 | D        | Noticed a white draconian
   927 | D        | Noticed an Orb Guardian
   927 | D        | Noticed a yellow draconian
   927 | D        | Noticed a yellow draconian
   927 | D        | Noticed a white draconian
   927 | D        | Noticed a yellow draconian
   927 | D        | Noticed a purple draconian
   927 | D        | Noticed a green draconian
   931 | D        | Killed an Orb Guardian
   931 | D        | Reached XP level 12. HP: 82/118 MP: 17/19
   933 | D        | Killed a yellow draconian
   933 | D        | Reached skill level 15 in Fighting
   935 | D        | Killed a green draconian
   935 | D        | Killed a yellow draconian
   935 | D        | Reached skill level 15 in Shields
   935 | D        | Killed a white draconian
   937 | D        | Killed a white draconian
   938 | D        | Killed a purple draconian
   944 | D        | Killed a yellow draconian
   948 | D        | Found a transporter.
  1099 | D        | Entered arena 13.
  1100 | D        | Identified the +5 hunting sling of Articulation {venom,
                  | rPois rF+ MR-}
  1102 | D        | Reached skill level 15 in Dodging
  1104 | D        | Found a transporter.
  1117 | D        | Reached skill level 1 in Spellcasting
  1128 | D        | Got the ring of Hetaidoo {Ice +Fly Str+4}
  1140 | D        | Entered arena 14.
  1142 | D        | Found the +9 staff of Wucad Mu {channel}
  1142 | D        | Noticed a shadow dragon
  1144 | D        | Found a transporter.
  1160 | D        | Killed a shadow dragon
  1244 | D        | Entered arena 15.
  1252 | D        | Reached XP level 13. HP: 125/132 MP: 19/22
  1253 | D        | Found a transporter.
  1303 | D        | Got the Disquisition on Congealing Transmigration
  1314 | D        | Entered arena 16.
  1314 | D        | Noticed a reaper
  1315 | D        | Identified the +1 ring mail of Died Ubi {rPois rC+}
  1316 | D        | Noticed a reaper
  1321 | D        | Killed a reaper
  1321 | D        | Reached skill level 5 in Spellcasting
  1325 | D        | Found a transporter.
  1330 | D        | Killed a reaper
  1343 | D        | Got the Papyrus of Attacks and Stones
  1595 | D        | Learned a level 1 spell: Summon Small Mammal
  1600 | D        | Entered arena 17.
  1603 | D        | Noticed a fire dragon
  1604 | D        | Noticed a fire giant
  1605 | D        | Reached skill level 1 in Summonings
  1607 | D        | Found a transporter.
  1615 | D        | Killed a fire giant
  1617 | D        | Killed a fire dragon
  1636 | D        | Got the ring "Cieril" {Ice rElec Str-5 Dex+2 Slay+5}
  1643 | D        | Got the ring "Wururuy" {rC+ Dex+4}
  1651 | D        | Got the Tome of Boosting Darkness
  1658 | D        | Entered arena 18.
  1661 | D        | Noticed a black draconian
  1661 | D        | Noticed a purple draconian
  1661 | D        | Noticed a death cob
  1661 | D        | Noticed an Orb Guardian
  1661 | D        | Noticed a white draconian
  1661 | D        | Noticed a purple draconian
  1661 | D        | Noticed a tentacled monstrosity
  1661 | D        | Noticed a death cob
  1661 | D        | Noticed an Orb Guardian
  1661 | D        | Noticed an Orb Guardian
  1661 | D        | Noticed a yellow draconian
  1661 | D        | Noticed a red draconian
  1661 | D        | Noticed a shadow dragon
  1661 | D        | Noticed a tentacled monstrosity
  1661 | D        | Noticed an Orb Guardian
  1661 | D        | Noticed a purple draconian
  1662 | D        | Identified the ring of Arorok {rPois rC+ Dex+5}
  1662 | D        | Noticed a black draconian
  1663 | D        | Killed a death cob
  1664 | D        | Killed a death cob
  1664 | D        | Reached skill level 15 in Evocations
  1665 | D        | Killed an Orb Guardian
  1665 | D        | Killed an Orb Guardian
  1665 | D        | Reached skill level 5 in Summonings
  1665 | D        | Killed an Orb Guardian
  1666 | D        | Killed an Orb Guardian
  1666 | D        | Reached XP level 14. HP: 136/151 MP: 18/25
  1670 | D        | Killed a tentacled monstrosity
  1671 | D        | Killed a shadow dragon
  1672 | D        | Killed a tentacled monstrosity
  1684 | D        | Found a transporter.
  1957 | D        | Learned a level 4 spell: Summon Lightning Spire
  1959 | D        | Got the amulet "Fueplos" {Gourm rF++ Dex-5 Slay+5 SInv}
  1986 | D        | Got the Disquisition on the Poisonous Glacier
  1992 | D        | Entered arena 19.
  1995 | D        | Noticed an Orb Guardian
  1995 | D        | Noticed an Orb Guardian
  1995 | D        | Noticed a tentacled monstrosity
  1995 | D        | Noticed a shadow dragon
  1995 | D        | Noticed a storm dragon
  1995 | D        | Noticed a yellow draconian scorcher
  1995 | D        | Noticed an Orb Guardian
  1996 | D        | Noticed an orb of fire
  1996 | D        | Identified the +11 hand axe of the Lonely Emperors {chop,
                  | SInv}
  1999 | D        | Killed an Orb Guardian
  1999 | D        | Killed an Orb Guardian
  1999 | D        | Killed an Orb Guardian
  1999 | D        | Reached skill level 10 in Spellcasting
  2002 | D        | Killed a tentacled monstrosity
  2005 | D        | Killed an orb of fire
  2005 | D        | Reached XP level 15. HP: 100/170 MP: 12/29
  2007 | D        | Killed a yellow draconian scorcher
  2007 | D        | Killed a storm dragon
  2007 | D        | Killed a shadow dragon
  2028 | D        | Found a transporter.
  2052 | D        | Got the Tome of Beguiling and Displacement
  2196 | D        | Entered arena 20.
  2201 | D        | Noticed an acid blob
  2202 | D        | Found the +8 demon blade "Leech" {vamp, rN+ AC-3 EV-3}
  2202 | D        | Noticed an azure jelly
  2205 | D        | Reached skill level 27 in Fighting
  2207 | D        | Killed an acid blob
  2207 | D        | Killed an azure jelly
  2232 | D        | Found a transporter.
  2252 | D        | Got Sif Muna's Volume of the Entrancing Birds
  2349 | D        | Entered arena 21.
  2357 | D        | Reached skill level 1 in Air Magic
  2367 | D        | Noticed an ancient lich
  2386 | D        | Killed an ancient lich
  2386 | D        | Reached skill level 5 in Air Magic
  2386 | D        | Reached XP level 16. HP: 93/183 MP: 22/32
  2401 | D        | Found the +7 sceptre of Torment {pain, torment}
  2401 | D        | Found a transporter.
  2408 | D        | Got the ring "Teibed" {rC+ Int-3 Dex+2 Slay+3}
  2419 | D        | Got the Compendium of the Ensnaring Arsonist
  2627 | D        | Entered arena 22.
  2658 | D        | Found a transporter.
  2677 | D        | Got the Almanac of Self-Knowledge and Cold
  2693 | D        | Got the ring of the Ancient Cities {+Inv rElec Str+3 Int+3}
  2701 | D        | Learned a level 3 spell: Regeneration
  2705 | D        | Got the amulet "Omirran" {+Blink MR+ Regen+ Str+3 Dex-5}
  2719 | D        | Entered arena 23.
  2727 | D        | Reached skill level 1 in Charms
  2727 | D        | Reached skill level 1 in Necromancy
  2784 | D        | Found a transporter.
  2789 | D        | Got the ring of Ugisell {EV+3 Str+4}
  2799 | D        | Got the Almanac of the Immovable Places
  2822 | D        | Got the Reference Book on Excruciating Orientation
  2836 | D        | Entered arena 24.
  2843 | D        | Found the +4 dagger "Morg" {pain, MR+ Int+5}
  2843 | D        | Reached skill level 15 in Spellcasting
  2844 | D        | Reached skill level 5 in Necromancy
  2844 | D        | Reached skill level 5 in Charms
  2874 | D        | Found the macabre finger necklace {rN+}
  2874 | D        | Found the amulet of the Air {Inacc +Fly rElec EV+5 RMsl}
  2874 | D        | Found a transporter.
  3105 | D        | Got the ring of Wuul {Int+3 Dex+4 Stlth-}
  3128 | D        | Got the amulet "Xadyrchabutz" {Harm *Drain +Blink MP+9}
  3144 | D        | Got Efoediur's Reference Book on Lethal Companions
  3156 | D        | Entered arena 25.
  3163 | D        | Noticed a shadow dragon
  3163 | D        | Noticed a golden dragon
  3163 | D        | Noticed a golden dragon
  3163 | D        | Noticed a golden dragon
  3163 | D        | Noticed a quicksilver dragon
  3164 | D        | Found the +8 glaive of the Guard {elec, +Rage AC+5 SInv}
  3164 | D        | Noticed a shadow dragon
  3164 | D        | Noticed a shadow dragon
  3164 | D        | Noticed a shadow dragon
  3166 | D        | Killed a quicksilver dragon
  3168 | D        | Noticed a golden dragon
  3169 | D        | Noticed a quicksilver dragon
  3173 | D        | Killed a shadow dragon
  3173 | D        | Noticed a shadow dragon
  3174 | D        | Killed a golden dragon
  3174 | D        | Reached XP level 17. HP: 132/191 MP: 20/35
  3174 | D        | Killed a golden dragon
  3176 | D        | Killed a golden dragon
  3178 | D        | Killed a quicksilver dragon
  3180 | D        | Reached skill level 10 in Necromancy
  3186 | D        | Killed a golden dragon
  3186 | D        | Reached skill level 10 in Charms
  3407 | D        | Found a transporter.
  3427 | D        | Got the amulet of Ohoa {Inacc rC+ rN++ Dex+4}
  3443 | D        | Found the +10 large shield of Ignorance {rN+ Int-4}
  3449 | D        | Got the Grimoire of the Quantum Snowflakes
  3480 | D        | Entered arena 26.
  3489 | D        | Noticed Ofongese the pandemonium lord
  3489 | D        | Noticed Zeetugg the pandemonium lord
  3489 | D        | Noticed Nuiwk the pandemonium lord
  3489 | D        | Noticed Loskou the pandemonium lord
  3489 | D        | Noticed Viyts the pandemonium lord
  3489 | D        | Noticed Urghior the pandemonium lord
  3489 | D        | Noticed Urchuabufi the pandemonium lord
  3489 | D        | Noticed Nauplur the pandemonium lord
  3489 | D        | Noticed Giluph the pandemonium lord
  3489 | D        | Noticed Weott the pandemonium lord
  3489 | D        | Noticed Joyxtuwu the pandemonium lord
  3489 | D        | Noticed Giawairph the pandemonium lord
  3489 | D        | Noticed Herij the pandemonium lord
  3489 | D        | Noticed Boaronon the pandemonium lord
  3489 | D        | Noticed Hom Hoklu the pandemonium lord
  3489 | D        | Noticed Fynn the pandemonium lord
  3489 | D        | Noticed Qimoast the pandemonium lord
  3489 | D        | Noticed Suurchuhi the pandemonium lord
  3489 | D        | Noticed Niejuv the pandemonium lord
  3489 | D        | Noticed Geedowuf the pandemonium lord
  3490 | D        | Noticed Achitsim the pandemonium lord
  3490 | D        | Noticed Laik the pandemonium lord
  3490 | D        | Noticed Eseuklui the pandemonium lord
  3490 | D        | Noticed Hilu the pandemonium lord
  3490 | D        | Noticed Miduepn the pandemonium lord
  3490 | D        | Noticed Siafiyfi the pandemonium lord
  3490 | D        | Noticed Ipengocu the pandemonium lord
  3491 | D        | Noticed a tentacled monstrosity
  3491 | D        | Noticed a golden dragon
  3491 | D        | Reached skill level 27 in Evocations
  3491 | D        | Noticed Ygruofoovy the pandemonium lord
  3491 | D        | Noticed Duetoat the pandemonium lord
  3491 | D        | Noticed Geckafuose the pandemonium lord
  3492 | D        | Noticed a tentacled monstrosity
  3492 | D        | Killed Weott the pandemonium lord
  3492 | D        | Noticed Fismoi the pandemonium lord
  3493 | D        | Killed Viyts the pandemonium lord
  3493 | D        | Killed Hom Hoklu the pandemonium lord
  3493 | D        | Noticed Soevosh the pandemonium lord
  3494 | D        | Noticed a golden dragon
  3494 | D        | Killed Geedowuf the pandemonium lord
  3494 | D        | Killed Urchuabufi the pandemonium lord
  3494 | D        | Reached XP level 18. HP: 136/200 MP: 24/41
  3494 | D        | Killed Qimoast the pandemonium lord
  3494 | D        | Killed Nauplur the pandemonium lord
  3494 | D        | Killed Nuiwk the pandemonium lord
  3495 | D        | Noticed a tentacled monstrosity
  3495 | D        | Noticed Qommeume the pandemonium lord
  3495 | D        | Killed Suurchuhi the pandemonium lord
  3495 | D        | Killed Loskou the pandemonium lord
  3495 | D        | Killed Joyxtuwu the pandemonium lord
  3495 | D        | Noticed Etuec the pandemonium lord
  3495 | D        | Noticed Mymurghul the pandemonium lord
  3495 | D        | Noticed Waabb the pandemonium lord
  3496 | D        | Noticed Ziogh the pandemonium lord
  3496 | D        | Killed Ofongese the pandemonium lord
  3496 | D        | Killed Eseuklui the pandemonium lord
  3496 | D        | Killed Giluph the pandemonium lord
  3496 | D        | Killed Herij the pandemonium lord
  3496 | D        | Killed Boaronon the pandemonium lord
  3496 | D        | Reached skill level 27 in Spellcasting
  3496 | D        | Reached XP level 19. HP: 139/207 MP: 15/49
  3497 | D        | Killed Giawairph the pandemonium lord
  3497 | D        | Killed Siafiyfi the pandemonium lord
  3497 | D        | Killed Geckafuose the pandemonium lord
  3497 | D        | Killed Laik the pandemonium lord
  3497 | D        | Killed Achitsim the pandemonium lord
  3497 | D        | Killed Hilu the pandemonium lord
  3497 | D        | Noticed Pigiarroo the pandemonium lord
  3498 | D        | Noticed Fumuhar the pandemonium lord
  3498 | D        | Noticed a Tzitzimitl
  3500 | D        | Noticed a Brimstone Fiend
  3503 | D        | Killed Urghior the pandemonium lord
  3503 | D        | Reached skill level 27 in Armour
  3504 | D        | Killed Zeetugg the pandemonium lord
  3506 | D        | HP: 10/207 [???[Etuec] (5)]
  3506 | D        | HP: 4/207 [Mymurghul the pandemonium lord (6)]
  3509 | D        | Killed Qommeume the pandemonium lord
  3509 | D        | Reached skill level 27 in Dodging
  3509 | D        | Reached XP level 20. HP: 15/216 MP: 31/50
  3509 | D        | Killed Duetoat the pandemonium lord
  3509 | D        | Mangled by Ygruofoovy the pandemonium lord

Skill      XL: |  1  2  3  4  5  6  7  8  9 10 11 12 13 14 15 16 17 18 19 20 |
---------------+-------------------------------------------------------------+-----
Fighting       | 4 6 7 8 9 11 12 14 17 21 25 27 | 27.0
Polearms       | 4 7 8 9 11 12 | 12.0
Armour         | 2 4 5 6 7 9 10 12 16 18 27 | 27.0
Dodging        | 4 5 6 8 9 10 11 13 15 27 | 27.0
Shields        | 2 4 5 6 7 9 10 12 14 15 | 15.0
Invocations    | 2 4 5 6 7 9 |  9.1
Evocations     | 2 3 4 6 7 8 9 11 13 15 17 21 24 27 | 27.0
Spellcasting   | 3 8 11 13 15 20 27 | 27.0
Summonings     | 5 8 |  8.2
Air Magic      | 5 8 |  8.0
Charms         | 7 10 11 | 11.3
Necromancy     | 8 10 11 | 11.5
Axes           | |  3.6
Stealth        | |  1.5

Action                   |  1- 3 |  4- 6 |  7- 9 | 10-12 | 13-15 | 16-18 | 19-21 || total
-------------------------+-------+-------+-------+-------+-------+-------+-------++-------
Melee: Lance             |     5 |    20 |    20 |    74 |    66 |    80 |     5 ||   270
       Headbutt          |     1 |     5 |     7 |    23 |    26 |    36 |     4 ||   102
Invok: Slouch            |       |       |     2 |    20 |    29 |    35 |     3 ||    89
  Use: Potion            |     1 |       |       |       |     2 |     1 |     4 ||     8
       Scroll            |       |       |       |     4 |       |     5 |       ||     9
 Stab: Petrifying        |       |       |       |       |       |     1 |       ||     1
       Petrified         |       |       |       |       |       |     1 |       ||     1
  Eat: Chunk             |       |       |       |     1 |    18 |     3 |       ||    22
Armor: Gold dragon scale |     1 |     3 |     2 |    22 |    24 |    97 |    18 ||   167
Dodge: Dodged            |       |     1 |       |    18 |    27 |    64 |    26 ||   136
Block: Shield            |     8 |    26 |    11 |   101 |   111 |   230 |    30 ||   517
       Rpst.: Lance      |       |       |       |     1 |     2 |     5 |     3 ||    11
